 Dungeon Crawl Stone Soup version 0.28-a0-925-gd5e1996cdb (webtiles) character file.

Game seed: 1798386167424913745

23 ytrimaz the Skirmisher (level 2, 24/24 HPs)
             Began as a Demonspawn Fighter on Nov 26, 2021.
             Quit the game on level 1 of the Dungeon.
             The game lasted 00:00:34 (449 turns).

ytrimaz the Skirmisher (Demonspawn Fighter)          Turns: 449, Time: 00:00:35

Health: 24/24      AC:  6    Str: 16    XL:     2   Next: 75%
Magic:  2/2        EV:  9    Int:  9    God:
Gold:   8          SH:  4    Dex: 12    Spells: 1/1 levels left

rFire   . . .      SeeInvis .   a - +0 war axe
rCold   . . .      Faith    .   c - +0 buckler
rNeg    . . .      Spirit   .   b - +0 scale mail
rPois   .          Reflect  .   (no helmet)
rElec   .          Harm     .   (no cloak)
rCorr   .          Rampage  .   (no gloves)
Will    .....                   (no boots)
Stlth   ..........              (no amulet)
HPRegen 0.08/turn               (no ring)
MPRegen 0.08/turn               (no ring)

@: no status effects
A: foul stench 1
a: no special abilities


You were on level 1 of the Dungeon.
You visited 1 branch of the dungeon, and saw 1 of its levels.

You collected 8 gold pieces.

Inventory:

Hand Weapons
 a - a +0 war axe (weapon)
Armour
 b - a +0 scale mail (worn)
 c - a +0 buckler (worn)
Potions
 d - a potion of might
 e - a potion of brilliance
 f - a potion of curing {unknown}


   Skills:
 + Level 3.2 Fighting
 + Level 2.2 Axes
 + Level 3.0 Armour
 + Level 2.9 Shields


You had one spell level left.
You didn't know any spells.
Your spell library was empty.

Dungeon Overview and Level Annotations

Branches:
Dungeon (1/15)

Altars:


Innate Abilities, Weirdness & Mutations

You may rarely emit foul miasma when damaged in melee.


Message History

A hobgoblin is nearby!
You aren't carrying any scrolls.
The hobgoblin shouts!
The hobgoblin misses you.
A quokka comes into view.
Found a stone staircase leading down.
You block the hobgoblin's attack.
You slash the hobgoblin!
You kill the hobgoblin!
You barely miss the quokka. You block the quokka's attack.
The quokka bites you but does no damage.
You closely miss the quokka. The quokka bites you.
The quokka closely misses you.
You hit the quokka but do no damage. The quokka completely misses you.
You slash the quokka!
You kill the quokka!
You see here a quokka corpse.
An endoplasm comes into view.
An endoplasm is nearby!
An endoplasm is nearby!
There are no items here.
You see here a scroll labelled BAGO NAVESHI.
f - a scroll labelled BAGO NAVESHI The endoplasm freezes you.
You are frozen.
You slash the endoplasm!
You kill the endoplasm!
Key pressed, stopping explore.
Things that are here:
a +0 short sword; 3 stones
As you read the scroll labelled BAGO NAVESHI, it crumbles to dust.
It is a scroll of identify.
e - a potion of brilliance
Things that are here:
a +0 club; a +0 dagger; a jackal skeleton
Things that are here:
a +0 dagger; a jackal skeleton
f - a murky golden potion Sorry, you're not good enough to have a special ability.
Unknown command.
Are you sure you want to abandon this character and quit the game? (Confirm with "yes".)

...#... ............
.......#...#
....>......### #
...........# #####
........##.#
....####+##........#
......##........@..#
###....#.....†.....#
...#...##.###......#
.<..#...#(.........#
....#...#.)))......#
....#...#...÷......#
....#...#..........#
...#...##..........#
###....#..###......#


There were no monsters in sight!

Vanquished Creatures
  A ball python (D:1)
  A bat (D:1)
  3 endoplasms (D:1)
  5 goblins (D:1)
  A hobgoblin (D:1)
  4 jackals (D:1)
  2 kobolds (D:1)
  A quokka (D:1)
18 creatures vanquished.

Notes
Turn   | Place    | Note
-------+----------+-------------------------------------------
     0 | D:1      | ytrimaz the Demonspawn Fighter began the quest for the Orb.
     0 | D:1      | Reached XP level 1. HP: 18/18 MP: 1/1
   189 | D:1      | Gained mutation: You may rarely emit foul miasma when
                  | damaged in melee. [demonic ancestry]
   189 | D:1      | Reached XP level 2. HP: 23/24 MP: 2/2
   449 | D:1      | Quit the game

Illustrated notes

Levels and vault maps discovered:
D:1:      dpeg_arrival_oval, layout_basic

Skill      XL: |  1  2 |
---------------+-------+-----
Axes           | 2 |  2.2
Armour         | 3 |  3.0
Fighting       | |  3.2
Shields        | |  2.9

Action                   || total
-------------------------++-------
Melee: War axe           ||    34
  Use: Scroll            ||     1
Armor: Scale mail        ||    23
Dodge: Dodged            ||    20
Block: Buckler           ||    18

Table legend: (Time is in decaauts)
 A = Elapsed time spent in this place.
 B = Non-inter-level travel time spent in this place.
 C = Inter-level travel time spent in this place.
 D = Time resting spent in this place.
 E = Time spent auto-exploring this place.
 F = Levels seen in this place.
 G = Mean time per level.
                   A        B        C        D        E       F      G
               +--------+--------+--------+--------+--------+-----+--------+
         Total |    464 |    464 |      0 |      0 |    367 |   1 |  464.0 |
       Dungeon |    464 |    464 |      0 |      0 |    367 |   1 |  464.0 |
               +--------+--------+--------+--------+--------+-----+--------+

Top non-repeatable levels by time:
     D:1: 464 daAuts
